 Dungeon Crawl Stone Soup version 0.32-a0-411-g744942f433 (webtiles) character file.

Game seed: 16512065406348000001

207 CougarLife the Digger (level 5, 0/28 HPs)
             Began as a Gargoyle Earth Elementalist on Feb 21, 2024.
             Slain by an orc
             ... wielding a +0 war axe
              (6 damage)
             ... on level 2 of the Dungeon.
             The game lasted 00:02:32 (2161 turns).

CougarLife the Digger (Gargoyle Earth Elementalist) Turns: 2161, Time: 00:02:32

Health: 0/28       AC:  3    Str: 12    XL:     5   Next: 85%
Magic:  6/10       EV: 12    Int: 17    God:
Gold:   108        SH:  0    Dex: 16    Spells: 7/11 levels left

rFire   . . .        o - +1 dagger (vamp)
rCold   . . .        (no shield)
rNeg    + . .        a - +0 robe
rPois   ∞            k - +0 helmet
rElec   +            (no cloak)
rCorr   .            (no gloves)
SInv    .            (no boots)
Will    .....        (no amulet)
Stlth   ++           c - +6 ring of dexterity
HPRegen 0.24/turn    (no ring)
MPRegen 0.12/turn

%: no passive effects
@: corroded
A: sickness immunity, AC +4, negative energy resistance 1, electricity
resistance, torment resistance 1, petrification resistance
a: no special abilities


You were on level 2 of the Dungeon.
You visited 1 branch of the dungeon, and saw 3 of its levels.

You collected 108 gold pieces.

Inventory:

Hand Weapons
 o - a +1 vampiric dagger (weapon)
Missiles
 h - a throwing net
Armour
 a - a +0 robe (worn)
 k - a +0 helmet (worn)
Jewellery
 c - a +6 ring of dexterity (left hand)
Scrolls
 e - a scroll of amnesia {unknown}
 f - a scroll of enchant armour {unknown}
 i - a scroll of fear {unknown}
 j - a scroll of fog {unknown}
 n - a scroll of noise {unknown}
 p - a scroll of revelation {unknown}
 s - a scroll of identify {unknown}
Potions
 b - a potion of magic
 d - a potion of curing {unknown}
 g - a potion of berserk rage {unknown}
 l - a potion of heal wounds {unknown}
 m - a potion of resistance {unknown}
 q - a potion of enlightenment {unknown}
 r - a potion of might {unknown}


   Skills:
 - Level 1.5 Dodging
 - Level 2.1 Stealth
 + Level 3.5 Spellcasting
 + Level 3.5 Conjurations
 + Level 5.2 Earth Magic


You had 7 spell levels left.
You knew the following spells:

 Your Spells              Type           Power      Damage    Failure   Level
a - Sandblast             Erth           40%        2d10      1%          1
b - Stone Arrow           Conj/Erth      34%        3d9       9%          3

Your spell library contained the following spells:

 Spells                   Type           Power      Damage    Failure   Level
 Passwall                 Erth           20%        N/A       6%          3
 Brom's Barrelling Bould  Conj/Erth      17%        2d4       26%         4
 Petrify                  Alch/Erth      11%        N/A       50%         4


Dungeon Overview and Level Annotations

Branches:
Dungeon (3/15)

Altars:


Innate Abilities, Weirdness & Mutations

You are immune to sickness and miasma.
Your stone body is resilient. (AC +4)
You are immune to poison.
You resist negative energy. (rN+)
You are resistant to electric shocks. (rElec)
You are resistant to unholy torment.
You are immune to petrification.


Message History

An orc comes into view. It is wielding a +0 war axe.
An orc comes into view. It is wielding a +0 falchion.
The orc shouts!
The blast of sand hits the orc.
The orc is lightly wounded.
The orc hits you but does no damage.
An orc comes into view. It is wielding a +0 falchion.
The orc hits you with a +0 war axe.
The orc moves out of view.
The blast of sand hits the orc but does no damage.
The orc is lightly wounded.
The orc barely misses you.
The blast of sand hits the orc.
The orc is moderately wounded.
The orc barely misses you. The orc hits you but does no damage.
The orc closely misses you.
The orc zaps a wand.
The bolt of acid hits you!
Ouch! That really hurt!
The acid corrodes you!
You are too injured to fight recklessly!
You are too injured to fight recklessly!
You are too injured to fight recklessly!
You are too injured to fight recklessly!
Unknown command.
The orc throws a stone.
The stone misses you. The orc attacks as it pursues you!
The orc barely misses you.
The orc throws a stone.
The stone barely misses you. The orc attacks as it pursues you!
The orc hits you with a +0 war axe.
* * * LOW HITPOINT WARNING * * *
There is a stone staircase leading up here.
The orc barely misses you. The orc closely misses you.
You climb upwards.
There is a stone staircase leading down here.
Casting: Sandblast (safe; 1% risk of failure)
Confirm with . or Enter, or press ? or * to list all spells.
Aiming: Sandblast (safe; 1% risk of failure)
Press: ? - help, Shift-Dir - straight line, f - orc
Aim: an orc, wielding a +0 war axe, wearing a +0 ring mail and carrying a wand of acid (moderately wounded, 85% to hit)
The blast of sand hits the orc but does no damage.
The orc is moderately wounded.
The orc hits you with a +0 war axe.
You die...

################
########..............#
#.....##.########..##.#
##.###.##..............####
#...##.##.##....#........<#
#####...##.#.....##.#.........#
).......##.#...#o.........###'###
#...............@o.#......#≈≈.≈≈#
.(......###.#.............#≈.~.≈#
............#.............+.~#~.†
......##.####...##.......)#≈.~.≈#
...##.##.............##...#≈≈.≈≈#
................##.#......###+###
##.#..##...####.#................
#.#.........#####.#......####.#.
#.##..............##...#.# #.#.


You could see 2 orcs.

Vanquished Creatures
  Robin (D:2)
  6 gnolls
  2 adders (D:2)
  2 dart slugs (D:1)
  A ribbon worm (D:2)
  7 endoplasms
  A giant cockroach (D:1)
  8 hobgoblins
  2 quokkas
  7 ball pythons
  8 bats
  4 frilled lizards
  11 goblins (D:2)
  5 kobolds
  6 rats
71 creatures vanquished.

Notes
Turn   | Place    | Note
-------+----------+-------------------------------------------
     0 | D:1      | CougarLife the Gargoyle Earth Elementalist began the quest
                  | for the Orb.
     0 | D:1      | Reached XP level 1. HP: 10/10 MP: 3/3
    82 | D:1      | Reached XP level 2. HP: 15/15 MP: 0/5
   203 | D:1      | Reached skill level 4 in Earth Magic
   375 | D:1      | Reached XP level 3. HP: 19/19 MP: 3/6
   945 | D:2      | Noticed Robin
   958 | D:2      | Reached XP level 4. HP: 21/24 MP: 5/8
   988 | D:2      | Killed Robin
  1332 | D:3      | Reached XP level 5. HP: 6/28 MP: 6/9
  1532 | D:2      | Reached skill level 5 in Earth Magic
  2088 | D:2      | Learned a level 3 spell: Stone Arrow
  2161 | D:2      | Slain by an orc

Illustrated notes

Levels and vault maps discovered:
D:1:      minmay_arrival_diagonal_passages, layout_basic
D:2:      layout_basic, grunt_decor_junction, kennysheep_generic_room_13,
          uniq_robin
D:3:      layout_basic, gammafunk_ghost_mausoleum, mrwooster_statue_mirror,
          minmay_statues_item, uniq_crazy_yiuf_cottage

Skill      XL: |  1  2  3  4  5 |
---------------+----------------+-----
Earth Magic    | 4 5 |  5.2
Conjurations   | 2 3 |  3.5
Spellcasting   | 3 |  3.5
Dodging        | |  1.5
Stealth        | |  2.1

Action                     |  1- 3 |  4- 6 || total
---------------------------+-------+-------++-------
  Melee: Unarmed           |    27 |       ||    27
         Dagger            |       |    25 ||    25
   Cast: Sandblast         |    45 |    55 ||   100
 Armour: Robe              |    31 |    56 ||    87
  Dodge: Dodged            |    39 |    42 ||    81

Table legend: (Time is in decaauts)
 A = Elapsed time spent in this place.
 B = Non-inter-level travel time spent in this place.
 C = Inter-level travel time spent in this place.
 D = Time resting spent in this place.
 E = Time spent auto-exploring this place.
 F = Levels seen in this place.
 G = Mean time per level.
                   A        B        C        D        E       F      G
               +--------+--------+--------+--------+--------+-----+--------+
         Total |   2209 |   2134 |     75 |    216 |   1508 |   3 |  736.3 |
       Dungeon |   2209 |   2134 |     75 |    216 |   1508 |   3 |  736.3 |
               +--------+--------+--------+--------+--------+-----+--------+

Top non-repeatable levels by time:
     D:2: 1166 daAuts
     D:1: 918 daAuts
     D:3: 125 daAuts
